3068 views
Uploaded 2020-04-01 17:49:40
Game version 1.32.3
6:52 long 1on1 ladder game on (2)TerenasStand_LV
Saved by Lakuza
3068 views
Uploaded 2020-04-01 17:49:40
Game version 1.32.3
6:52 long 1on1 ladder game on (2)TerenasStand_LV

/ 0.1k
11 buildings @ 1.1k
/ 0.3k

| Peasant | 9 | 675 | / | 0 |
| Footman | 4 | 540 | / | 0 |
| Rifleman | 1 | 205 | / | 30 |
| Forest Troll Shadow Priest | 1 | 195 | / | 10 |
| Forest Troll Berserker | 1 | 245 | / | 30 |
| total: | 16 | 1860g | / | 70w |
| Scout Tower | 1 | 30 | / | 20 |
| Altar of Kings | 1 | 180 | / | 50 |
| Farm | 6 | 480 | / | 120 |
| Barracks | 1 | 160 | / | 60 |
| Arcane Vault | 1 | 130 | / | 30 |
| Blacksmith | 1 | 140 | / | 60 |
| Keep | 1 | 320 | / | 210 |
| total: | 11 | 1120g | / | 340w |
| 0:02 | Altar of Kings |
| 0:03 | Peasant |
| 0:03 | Peasant |
| 0:16 | Farm |
| 0:20 | Peasant |
| 0:26 | Barracks |
| 0:45 | Farm |
| 0:47 | Peasant |
| 1:01 | Peasant |
| 1:20 | Peasant |
| 1:27 | Footman |
| 1:32 | Farm |
| 1:40 | Footman |
| 1:47 | Peasant |
| 1:48 | Footman |
| 1:59 | Peasant |
| 2:08 | Summon Water Elemental |
| 2:26 | Forest Troll Shadow Priest |
| 2:40 | Peasant |
| 2:41 | Footman |
| 2:55 | Brilliance Aura |
| 3:03 | Farm |
| 3:26 | Keep |
| 3:30 | Farm |
| 3:33 | Arcane Vault |
| 3:39 | Scout Tower |
| 3:47 | Blacksmith |
| 4:18 | Forest Troll Berserker |
| 4:29 | Summon Water Elemental |
| 4:42 | Farm |
| 6:14 | Brilliance Aura |
| 6:31 | Rifleman |
| Right click | 287 |
| Select group | 154 |
| Select | 84 |
| Build/train/purchase | 35 |
| Assign group | 7 |
| Misc. action | 6 |
| Use ability | 2 |
| Esc | 1 |
20 units @ 1.7k
/ 0k
13 buildings @ 1.5k
/ 0.5k

| Lesser Clarity Potion | 1 | 70 |
| Scroll of Regeneration | 1 | 100 |
| total: | 2 | 170g |
| Peasant | 17 | 1275 | / | 0 |
| Footman | 3 | 405 | / | 0 |
| total: | 20 | 1680g | / | 0w |
| Scout Tower | 3 | 90 | / | 60 |
| Arcane Tower | 2 | 140 | / | 100 |
| Altar of Kings | 1 | 180 | / | 50 |
| Barracks | 1 | 160 | / | 60 |
| Farm | 5 | 400 | / | 100 |
| Arcane Vault | 1 | 130 | / | 30 |
| Town Hall | 1 | 385 | / | 205 |
| Lumber Mill | 1 | 120 | / | 0 |
| total: | 13 | 1465g | / | 505w |
| 0:05 | Peasant |
| 0:05 | Peasant |
| 0:05 | Peasant |
| 0:05 | Peasant |
| 0:21 | Altar of Kings |
| 0:29 | Barracks |
| 0:31 | Peasant |
| 0:40 | Farm |
| 0:52 | Peasant |
| 1:07 | Peasant |
| 1:16 | Farm |
| 1:37 | Arcane Vault |
| 1:44 | Peasant |
| 1:45 | Peasant |
| 1:55 | Farm |
| 1:58 | Farm |
| 2:01 | Footman |
| 2:17 | Peasant |
| 2:22 | Footman |
| 2:25 | Summon Water Elemental |
| 2:44 | Footman |
| 2:45 | Peasant |
| 2:52 | Farm |
| 2:58 | Peasant |
| 3:25 | Lesser Clarity Potion |
| 3:26 | Scroll of Regeneration |
| 3:41 | Peasant |
| 3:42 | Peasant |
| 4:10 | Peasant |
| 4:14 | Brilliance Aura |
| 4:23 | Town Hall |
| 4:30 | Scout Tower |
| 4:32 | Scout Tower |
| 4:33 | Scout Tower |
| 4:48 | Peasant |
| 4:49 | Peasant |
| 4:54 | Lumber Mill |
| 5:04 | Arcane Tower |
| 5:10 | Arcane Tower |
| Right click | 124 |
| Select | 88 |
| Build/train/purchase | 34 |
| Item give/drop | 2 |